 Dungeon Crawl Stone Soup version 0.22-a0-417-g1387785 (webtiles) character file.

18 Kairos the Chopper (level 2, -9/22 HPs)
             Began as a Demonspawn Gladiator on May 14, 2018.
             Mangled by a gnoll
             ... wielding a +0 flail
              (10 damage)
             ... on level 1 of the Dungeon.
             The game lasted 00:00:59 (826 turns).

Kairos the Chopper (Demonspawn Gladiator)            Turns: 826, Time: 00:01:00

Health: -9/22      AC:  6    Str: 14    XL:     2   Next: 51%
Magic:  2/2        EV: 13    Int:  9    God:
Gold:   55         SH:  0    Dex: 14    Spells: 1/1 levels left

rFire    . . .     SeeInvis .   a - +0 war axe
rCold    . . .     Gourm    .   (no shield)
rNeg     . . .     Faith    .   b - +0 leather armour
rPois    .         Spirit   .   c - +0 helmet
rElec    .         Reflect  .   (no cloak)
rCorr    .         Harm     .   (no gloves)
MR       .....                  (no boots)
Stlth    +.........             h - amulet of regeneration
HPRegen  0.47/turn              (no ring)
MPRegen  0.08/turn              (no ring)

@: no status effects
A: thin metallic scales 1
a: no special abilities


You were on level 1 of the Dungeon.
You were not hungry.

You visited 1 branch of the dungeon, and saw 2 of its levels.

You collected 55 gold pieces.

Inventory:

Hand Weapons
 a - a +0 war axe (weapon)
Missiles
 d - 3 throwing nets (quivered)
Armour
 b - a +0 leather armour (worn)
 c - a +0 helmet (worn)
Jewellery
 h - an amulet of regeneration (around neck)
Scrolls
 e - 2 scrolls of identify {unknown}
 g - a scroll of remove curse {unknown}
Comestibles
 f - 3 rations


   Skills:
 + Level 2.0 Fighting
 + Level 3.2 Axes
 + Level 1.9 Throwing
 + Level 3.0 Dodging


You had one spell level left.
You didn't know any spells.
Your spell library was empty.

Dungeon Overview and Level Annotations

Branches:
Dungeon (2/15)

Altars:


Innate Abilities, Weirdness & Mutations

You are partially covered in thin metallic scales. (AC +2)


Message History

The gnoll barely misses you. The gnoll closely misses you.
You climb upwards.
There is a stone staircase leading down here.
You slash the gnoll!
The gnoll is severely wounded.
You hit the gnoll but do no damage. The gnoll closely misses you.
The gnoll hits you with a flail!
Unknown command.
You barely miss the gnoll.
The gnoll is severely wounded.
You hit the gnoll. The gnoll hits you. The gnoll hits you with a flail!
* * * LOW HITPOINT WARNING * * *
Unknown command.
You are too injured to fight recklessly!
You are too injured to fight recklessly!
You barely miss the gnoll.
The gnoll is moderately wounded.
You hit the gnoll. The gnoll hits you but does no damage.
The gnoll hits you with a flail!
You die...

#...♣.P.♣....####.######### #.
#...♣.♣♣♣....####.# #.
#...#.............# #.
#####.###.......####### #.
...##.###.............##########.
##......#.......##.##.##(.....)..
##..............##.##....########
##.......####......#######
##..#...#.###..g@..#
.......###.##...g..#
.##.....#.###...).## .##.#.##.##
#.....# .##......# ###.###
#####.#### #.# # #...>.# #.#
###P....# #.# (.÷.....# #.#


You could see 2 gnolls.

Vanquished Creatures
  2 goblins (D:1)
  4 hobgoblins (D:1)
  2 jackals (D:1)
  A bat (D:1)
  5 kobolds (D:1)
  2 rats (D:1)
  3 plants (D:1)
19 creatures vanquished.

Vanquished Creatures (others)
  4 toadstools (D:1)
4 creatures vanquished.

Grand Total: 23 creatures vanquished

Notes
Turn   | Place    | Note
-------+----------+-------------------------------------------
     0 | D:1      | Kairos the Demonspawn Gladiator began the quest for the Orb.
     0 | D:1      | Reached XP level 1. HP: 16/16 MP: 1/1
    74 | D:1      | Gained mutation: You are partially covered in thin metallic scales. (AC +2) [demonic ancestry]
    74 | D:1      | Reached XP level 2. HP: 5/22 MP: 2/2
   825 | D:1      | HP: 1/22 [gnoll/flail (10)]
   826 | D:1      | Mangled by a gnoll

Vault maps used:
D:1:      ldierk_water_garden, serial_forest, infiniplex_forest_corner_1,
          infiniplex_forest_clump_double, infiniplex_forest_end_3,
          infiniplex_forest_lined_room_2, infiniplex_forest_clump_large

Skill      XL: |  1  2 |
---------------+-------+-----
Axes           | 3 |  3.2
Dodging        | 3 |  3.0
Fighting       | |  2.0
Throwing       | |  1.9

Action                   || total
-------------------------++-------
Melee: War axe           ||    95
Armor: Leather armour    ||    19
Dodge: Dodged            ||    50

Table legend:
 A = Spawn XP
 B = Non-spawn XP
 C = Spawn XP percentage of total XP
 D = Spawn monster count
 E = Non-spawn monster count
 F = Spawn count percentage of total count
 G = Total turns spent on level
                    A         B        C        D         E        F      G
               +---------+---------+-------+---------+---------+-------+---------
         Total |       0 |      27 |   0.0 |       0 |      16 |   0.0 |   826
               +---------+---------+-------+---------+---------+-------+---------
           D:1 |       0 |      27 |   0.0 |       0 |      16 |   0.0 |   824
               +---------+---------+-------+---------+---------+-------+---------
